 Dungeon Crawl Stone Soup version 0.31.0 (webtiles) character file.

Game seed: 8854142817494082576

92 Arctor the Shooter (level 4, -2/26 HPs)
             Began as a Kobold Hexslinger on Jan 20, 2024.
             Slain by a gnoll
             ... wielding a +0 spear
              (4 damage)
             ... on level 2 of the Dungeon.
             The game lasted 00:01:14 (1634 turns).

Arctor the Shooter (Kobold Hexslinger)              Turns: 1634, Time: 00:01:15

Health: -2/26      AC:  2    Str:  2 (5)  XL:     4   Next: 90%
Magic:  6/7        EV: 15    Int: 13 (14) God:
Gold:   87         SH:  0    Dex: 16 (19) Spells: 5/7 levels left

rFire   + . .        a - +1 sling
rCold   . . .        (no shield)
rNeg    + . .        c - +0 robe
rPois   .            (no helmet)
rElec   .            (no cloak)
rCorr   .            (no gloves)
SInv    .            (no boots)
Will    .....        g - amulet of faith
Stlth   ++           e - ring of protection from fire
HPRegen 0.24/turn    h - ring of positive energy
MPRegen 0.10/turn

%: faith
@: weak-willed, invisible
A: small, no large weapons, nightstalker 3
a: no special abilities


You were on level 2 of the Dungeon.
You visited 1 branch of the dungeon, and saw 2 of its levels.

You collected 87 gold pieces.

Inventory:

Hand Weapons
 a - a +1 sling (weapon)
Armour
 c - a +0 robe (worn)
Jewellery
 e - a ring of protection from fire (left hand)
 g - an amulet of faith (around neck)
 h - a ring of positive energy (right hand)
 j - a ring of resist corrosion
Scrolls
 b - a scroll of poison
 d - a scroll of fog {unknown}
 f - 4 scrolls of identify {unknown}
 m - a scroll of blinking {unknown}
Potions
 l - 2 potions of haste {unknown}


   Skills:
 + Level 2.1 Fighting
 + Level 3.6 Ranged Weapons
 + Level 3.3 Dodging
 + Level 2.1 Spellcasting
 + Level 3.4 Hexes
 - Level 1.1 Fire Magic


You had 5 spell levels left.
You knew the following spells:

 Your Spells              Type           Power      Damage    Failure   Level
a - Jinxbite              Hex            20%        N/A       9%          2

Your spell library contained the following spells:

 Spells                   Type           Power      Damage    Failure   Level
 Sigil of Binding         Hex            10%        N/A       19%         3
 Inner Flame              Hex/Fire       7%         N/A       28%         3
 Dazzling Flash           Conj/Hex       10%        N/A       36%         3
 Cause Fear               Hex            5%         N/A       52%         4
 Mephitic Cloud           Conj/Alch/Air  1%         N/A       58%         3
 Dimensional Bullseye     Hex/Tloc       2%         N/A       77%         4
 Silence                  Hex/Air        2%         N/A       98%         5
 Curse of Agony           Necr           1%         N/A       100%        5


Dungeon Overview and Level Annotations

Branches:
Dungeon (2/15)

Altars:


Innate Abilities, Weirdness & Mutations

You are small and have problems with some larger weapons.
You are completely attuned to the shadows.


Message History

A giggling sprite leaps out and smacks the gnoll with its own hand.
You kill the gnoll!
The gnoll misses you.
You shoot a sling bullet.
The sling bullet closely misses the gnoll.
A quokka comes into view.
The gnoll misses you.
The quokka moves out of view.
You shoot a sling bullet.
The sling bullet barely misses the gnoll.
A giggling sprite leaps out and makes the gnoll trip over its own feet.
The gnoll is heavily wounded.
You shoot a sling bullet. The sling bullet hits the gnoll.
The gnoll is lightly wounded.
A giggling sprite leaps out and smacks the gnoll with its own hand.
The gnoll is moderately wounded.
The jinxing sprites lose interest in you.
You shoot a sling bullet.
The sling bullet closely misses the gnoll.
The gnoll hits you from afar with a +0 spear.
The gnoll hits you with a +0 whip.
You shoot a sling bullet.
The sling bullet closely misses the gnoll.
The gnoll seems less drained. x2
The gnoll hits you from afar with a +0 spear.
The gnoll hits you with a +0 whip!
* * * LOW HITPOINT WARNING * * *
You are too injured to fight recklessly!
You are too injured to fight recklessly!
Unknown command.
The gnoll attacks as it pursues you! The gnoll hits you with a +0 whip.
* * * LOW HITPOINT WARNING * * *
The gnoll attacks as it pursues you! The gnoll misses you.
It was a potion of degeneration.
There was something very wrong with that liquid.
You feel weakened.
You feel dopey.
You feel clumsy. The gnoll barely misses you.
It was a potion of invisibility.
You fade into invisibility!
The gnoll hits you from afar with a +0 spear.
You die...

#..#..#.# ##.####.†#...#
########.# #...#..####.###
.......#.# ###...## #.....
.#.......# ##..# #.....
##.<...### #..# #.....
#.....# #..# ##.....
####### #### #......
#####################.#.###
#)r....rgg@...........#.#
#...#####################.#
..## ..# # ###


You could see 2 gnolls and a quokka (unable to see you).

Vanquished Creatures
  Jessica (D:2)
  A gnoll (D:2)
  An adder (D:2)
  3 endoplasms
  3 giant cockroaches
  10 goblins
  4 hobgoblins
  3 kobolds
  A quokka (D:2)
  8 ball pythons
  4 bats (D:1)
  2 frilled lizards (D:1)
  3 rats (D:2)
44 creatures vanquished.

Notes
Turn   | Place    | Note
-------+----------+-------------------------------------------
     0 | D:1      | Arctor the Kobold Hexslinger began the quest for the Orb.
     0 | D:1      | Reached XP level 1. HP: 12/12 MP: 2/2
   227 | D:1      | Reached XP level 2. HP: 16/16 MP: 3/3
   633 | D:1      | Learned a level 2 spell: Jinxbite
   799 | D:1      | Reached XP level 3. HP: 20/20 MP: 5/5
  1369 | D:2      | Noticed Jessica
  1374 | D:2      | Killed Jessica
  1375 | D:2      | Reached XP level 4. HP: 22/26 MP: 3/6
  1629 | D:2      | HP: 1/26 [gnoll/+0 whip (5)]
  1634 | D:2      | Slain by a gnoll

Illustrated notes

Levels and vault maps discovered:
D:1:      dpeg_arrival_another_circle, layout_basic
D:2:      minmay_wonky_spiral, layout_rooms, uniq_jessica

Skill      XL: |  1  2  3  4 |
---------------+-------------+-----
Ranged Weapons | 3 |  3.6
Dodging        | 3 |  3.3
Fighting       | 2 |  2.1
Spellcasting   | 2 |  2.1
Hexes          | |  3.4
Fire Magic     | |  1.1

Action                     |  1- 3 |  4- 6 || total
---------------------------+-------+-------++-------
   Fire: Sling             |    92 |    36 ||   128
   Cast: Jinxbite          |     1 |     1 ||     2
    Use: Potion            |       |     2 ||     2
 Armour: Robe              |    19 |    11 ||    30
  Dodge: Dodged            |    45 |    12 ||    57
